 Dungeon Crawl Stone Soup version 0.27.0-1-g7a089689b8 (webtiles) character file.

Game seed: 10437871233231132093

51 SkeletonJelly the Chopper (level 3, 0/29 HPs)
             Began as a Palentonga Warper on Aug 10, 2021.
             Slain by a jackal (1 damage)
             ... on level 2 of the Dungeon.
             The game lasted 00:02:48 (1781 turns).

SkeletonJelly the Chopper (Palentonga Warper)       Turns: 1781, Time: 00:02:48

Health: 0/29       AC:  5    Str: 14    XL:     3   Next: 58%
Magic:  6/6        EV:  9    Int: 14    God:
Gold:   23         SH:  0    Dex:  9    Spells: 4/6 levels left

rFire    . . .     SeeInvis +   a - +0 hand axe
rCold    . . .     Faith    .   (no shield)
rNeg     . . .     Spirit   .   b - +0 leather armour
rPois    .         Reflect  .   (no helmet)
rElec    .         Harm     .   (no cloak)
rCorr    .         Rampage  .   e - +0 pair of gloves
Will     .....                  (no barding)
Stlth    +.........             (no amulet)
HPRegen  0.09/turn              (no ring)
MPRegen  0.10/turn              (no ring)

@: no status effects
A: large, rugged brown scales 3, see invisible, deformed body, roll 1, armoured
tail
a: Rolling Charge


You were on level 2 of the Dungeon.
You visited 1 branch of the dungeon, and saw 2 of its levels.

You collected 23 gold pieces.

Inventory:

Hand Weapons
 a - a +0 hand axe (weapon)
Missiles
 d - 5 boomerangs of dispersal
 j - 4 atropa-tipped darts
Armour
 b - a +0 leather armour (worn)
 e - a +0 pair of gloves (worn)
Scrolls
 c - a scroll of blinking
 f - a scroll of enchant armour {unknown}
 g - a scroll of fog {unknown}
 i - a scroll of enchant weapon {unknown}
Potions
 h - a potion of cancellation {unknown}


   Skills:
 + Level 2.7 Fighting
 * Level 3.5 Axes
 - Level 0.6 Throwing
 - Level 0.7 Armour
 - Level 1.5 Dodging
 - Level 2.0 Spellcasting
 - Level 3.0 Translocations


You had 4 spell levels left.
You knew the following spells:

 Your Spells              Type           Power      Damage    Failure   Level
a - Blink                 Tloc           N/A        N/A       13%         2

Your spell library contained the following spells:

 Spells                   Type           Power      Damage    Failure   Level
 Gell's Gravitas          Tloc           4%         N/A       26%         3
 Lesser Beckoning         Tloc           4%         N/A       26%         3
 Teleport Other           Tloc           9%         N/A       26%         3
 Manifold Assault         Tloc           9%         N/A       94%         5


Dungeon Overview and Level Annotations

Branches:
Dungeon (2/15)

Altars:


Innate Abilities, Weirdness & Mutations

You are completely covered in rugged brown scales. (AC +3, +7% HP)
You have supernaturally acute eyesight. (SInv)
Armour fits poorly on your strangely shaped body.
You can roll at nearby foes to attack.
You have a long armoured tail.


Message History

A jackal comes into view.
You feel sick.
The jackal barks!
The adder misses you. The adder bites you but does no damage.
There's nothing you can charge at! There's nothing you can charge at!
There's nothing you can charge at! There's nothing you can charge at!
There's nothing you can charge at!
You miss the adder.
Your tail-slap misses the adder.
The adder is severely wounded.
You barely miss the worm.
You feel sick. The adder bites you but does no damage. The worm bites you!
You slash the adder!
You kill the adder!
You hit the worm.
You feel sick.
A ball python comes into view.
You feel sick.
You see here an adder corpse.
You hit the worm.
The worm is severely wounded.
You feel sick.
You are no longer poisoned.
The worm barely misses you.
You hit the worm.
The worm is severely wounded.
You barely miss the jackal. The jackal closely misses you.
The jackal bites you but does no damage.
You see here 4 atropa-tipped darts.
You closely miss the jackal.
You tail-slap the jackal, but do no damage.
The jackal misses you.
The jackal bites you but does no damage.
You hit the jackal.
The jackal is lightly wounded.
The jackal bites you.
* * * LOW HITPOINT WARNING * * *
The ball python hisses angrily.
You hit the jackal. You tail-slap the jackal.
You kill the jackal!
You hit the worm.
The worm is severely wounded.
The worm bites you but does no damage.
You completely miss the worm. You tail-slap the worm.
The worm is almost dead.
You slash the worm!
You kill the worm!
You hit the ball python.
The ball python is moderately wounded.
The ball python bites you.
* * * LOW HITPOINT WARNING * * *
The ball python bites you.
* * * LOW HITPOINT WARNING * * *
You closely miss the ball python.
The ball python is moderately wounded.
The ball python bites you but does no damage.
You hit the ball python.
You kill the ball python!
Items here: ††††.
A jackal comes into view.
The jackal barks!
You see here a frilled lizard corpse.
Items here: ††††.
The jackal bites you.
* * * LOW HITPOINT WARNING * * *
You see here 4 atropa-tipped darts.
You closely miss the jackal.
The jackal bites you but does no damage.
The jackal misses you.
You closely miss the jackal.
Your tail-slap misses the jackal.
The jackal barely misses you.
You hit the jackal.
The jackal is moderately wounded.
The jackal closely misses you. The jackal completely misses you.
You closely miss the jackal.
The jackal is moderately wounded.
The jackal misses you.
You miss the jackal.
The jackal is moderately wounded.
The jackal bites you.
* * * LOW HITPOINT WARNING * * *
The jackal closely misses you.
You hit the jackal but do no damage.
The jackal is moderately wounded.
The jackal bites you but does no damage.
The jackal bites you.
* * * LOW HITPOINT WARNING * * *
You closely miss the jackal. You tail-slap the jackal.
You kill the jackal!
You see here 4 atropa-tipped darts.
Items here: ††††.
You see here a frilled lizard corpse.
Items here: ††††.
You see here 4 atropa-tipped darts.
You see here 4 atropa-tipped darts.
j - 4 atropa-tipped darts A jackal comes into view.
A jackal is nearby!
The jackal bites you.
You die...

.....# #.#
#.#####..##
#####.# #.#
#.......## ..# #.#
#..###### #.# #.#
#..# .# #.# #..#
.# ## #.####..# ..
##.#....## #.
#.h..##.#
#.####@##.##.#
#####.#††..##..#.#
#<......######.#.#
#........# ...#
...#####..... ..<.
# ####.## #.. .#
... . .


You could see a jackal.

Vanquished Creatures
  2 adders (D:2)
  A worm (D:2)
  3 endoplasms (D:1)
  2 giant cockroaches (D:2)
  3 goblins
  2 hobgoblins
  6 jackals
  2 ball pythons
  A bat (D:1)
  A frilled lizard (D:2)
  3 kobolds
  3 rats
29 creatures vanquished.

Notes
Turn   | Place    | Note
-------+----------+-------------------------------------------
     0 | D:1      | SkeletonJelly the Palentonga Warper began the quest for the
                  | Orb.
     0 | D:1      | Reached XP level 1. HP: 17/17 MP: 3/3
   572 | D:1      | Reached XP level 2. HP: 20/23 MP: 5/5
  1406 | D:1      | Learned a level 2 spell: Blink
  1523 | D:2      | Reached XP level 3. HP: 25/29 MP: 1/6
  1771 | D:2      | HP: 1/29 [jackal (2)]
  1781 | D:2      | Slain by a jackal

Illustrated notes

Levels and vault maps discovered:
D:1:      tarquinn_simple_flora_water_a, layout_basic
D:2:      layout_rooms, hellmonk_ecumenical_altar_lost_god

Skill      XL: |  1  2 |
---------------+-------+-----
Axes           | 3 |  3.5
Fighting       | |  2.7
Throwing       | |  0.6
Armour         | |  0.7
Dodging        | |  1.5
Spellcasting   | |  2.0
Translocations | |  3.0

Action                   || total
-------------------------++-------
Melee: Hand axe          ||    99
       Tailslap          ||    13
 Cast: Blink             ||     7
 Abil: Rolling Charge    ||    17
Armor: Leather armour    ||    36
Dodge: Dodged            ||    64
